 Dungeon Crawl Stone Soup version 0.31-a0-986-g5e6e4ef867 (webtiles) character file.

Game seed: 3712794562293374744

2453 silenth the Fighter (level 9, -2/71 HPs)
             Began as a Djinni Fire Elementalist on Nov 22, 2023.
             Slain by a human
             ... wielding a +1 heavy hand axe
              (21 damage)
             ... in a bailey.
             The game lasted 00:15:49 (6017 turns).

silenth the Fighter (Djinni Fire Elementalist)      Turns: 6017, Time: 00:15:50

Health: -2/71      AC:  3    Str: 13    XL:     9   Next: 79%
Gold:   298        EV: 14    Int: 20    God:
                   SH:  0    Dex: 19

rFire   + + .        l - +0 short sword (elec)
rCold   x . .        p - orb {light}
rNeg    + . .        J - +0 robe {Will+}
rPois   ∞            G - +0 helmet
rElec   +            (no cloak)
rCorr   .            (no gloves)
SInv    .            (boots unavailable)
Will    +....        (no amulet)
Stlth   +            a - +6 ring of dexterity
HPRegen 0.31/turn    r - ring "Wukhlul" {rElec rPois rN+ Str+6 Dex-2}
MPRegen 0.00/turn

%: infuse magic (-3 HP)
@: flying, very slightly contaminated, glowing
A: sickness immunity, fire resistance 2, cold vulnerability 1, float, innate
caster, HP casting, extra vitality 1
a: no special abilities


You were in a bailey.
You visited 2 branches of the dungeon, and saw 8 of its levels.
You also visited: Bailey.

You collected 415 gold pieces.
You spent 117 gold pieces at shops.

Inventory:

Hand Weapons
 l - a +0 short sword of electrocution (weapon)
 D - a +0 rapier of electrocution
Missiles
 C - a throwing net
Armour
 c - a +0 robe
 m - a +0 buckler
 p - an orb of light (worn)
 E - a +0 leather armour of positive energy
 G - a +0 helmet (worn)
 I - a +0 robe of fire resistance
 J - a +0 robe of willpower (worn)
Magical Staves
 y - a staff of poison
Jewellery
 a - a +6 ring of dexterity (left hand)
 i - a +6 ring of dexterity
 r - the ring "Wukhlul" (right hand) {rElec rPois rN+ Str+6 Dex-2}
   (You found it on level 3 of the Dungeon)

   [ring of strength]

   Str+6:     It affects your strength (+6).
   Dex-2:     It affects your dexterity (-2).
   rElec:     It insulates you from electricity.
   rPois:     It protects you from poison rN+: It protects you from negative
   energy.
 H - an amulet of faith
Wands
 z - a wand of acid (4)
 B - a wand of flame (26)
Scrolls
 k - a scroll of blinking
 n - a scroll of fear
 o - a scroll of teleportation
 s - a scroll of vulnerability
 u - a scroll of enchant armour {unknown}
 v - a scroll of noise {unknown}
 w - 2 scrolls of immolation
 x - a scroll of silence {unknown}
Potions
 b - a potion of enlightenment
 d - 2 potions of heal wounds
 f - 3 potions of haste
 g - 7 potions of curing
 h - a potion of mutation {unknown}
 j - 2 potions of ambrosia
 q - 3 potions of attraction
 t - 2 potions of cancellation
 A - 2 potions of invisibility {unknown}
 F - a potion of brilliance {unknown}
 K - a potion of lignification {unknown}


   Skills:
 + Level 8.4 Fighting
 + Level 4.7 Dodging
 - Level 1.5 Stealth
 + Level 6.9 Spellcasting
 + Level 6.9 Conjurations
 + Level 6.9 Hexes
 + Level 6.9 Summonings
 + Level 6.9 Necromancy
 + Level 6.9 Translocations
 + Level 6.9 Transmutations
 + Level 6.9 Fire Magic
 + Level 6.9 Ice Magic
 + Level 6.9 Air Magic
 + Level 6.9 Earth Magic
 + Level 6.9 Poison Magic


You knew the following spells:

 Your Spells              Type           Power      Damage    Failure   Level
a - Foxfire               Conj/Fire      100%       2x1d9     1%          1
b - Scorch                Fire           68%        2d7       1%          2
c - Volatile Blastmotes   Fire/Tloc      68%        2d15      1%          3
d - Inner Flame           Hex/Fire       34%        N/A       1%          3
e - Flame Wave            Conj/Fire      34%        2d10      5%          4
f - Apportation           Tloc           68%        N/A       1%          1
g - Ensorcelled Hibernat  Hex/Ice        68%        N/A       1%          2
h - Tukima's Dance        Hex            34%        N/A       1%          3
i - Olgreb's Toxic Radia  Pois           34%        N/A       5%          4
Your spell library was empty.

Dungeon Overview and Level Annotations

Branches:
Dungeon (7/15)             Temple (1/1) D:6          Bailey (1/1)

Altars:
Ashenzari
Cheibriados
Dithmenos
Fedhas
Gozag
Nemelex Xobeh
Okawaru
Qazlal
Ru
Trog
Uskayaw
Xom
Yredelemnul
Zin
The Shining One

Shops:
D:6 *

Annotations:
Temple 2 transporters


Innate Abilities, Weirdness & Mutations

You are immune to sickness and miasma.
You are immune to poison.
Your flesh is very heat resistant. (rF++)
You are vulnerable to cold. (rC-)
You float through the air rather than walking.
You learn spells naturally, not from books.
Your magical power is your life essence.
You have superior vitality. (+4 MHP)


Message History

Casting: Olgreb's Toxic Radiance (dangerous; 6% risk of failure)
Confirm with . or Enter, or press ? or * to list all spells.
Flames lash the human.
The human is moderately wounded.
The human's fire resistance burns away.
The goblin is poisoned.
Your toxic aura wanes.
The human hits you with a +0 war axe!
Casting: Scorch (safe; 1% risk of failure)
Confirm with . or Enter, or press ? or * to list all spells.
Flames lash the human.
The human is burned terribly!
The human is heavily wounded.
The human hits you with a +0 war axe!
Casting: Scorch (safe; 1% risk of failure)
Confirm with . or Enter, or press ? or * to list all spells.
Flames lash the hobgoblin.
You kill the hobgoblin!
Casting: Scorch (safe; 1% risk of failure)
Confirm with . or Enter, or press ? or * to list all spells.
Casting: Flame Wave (dangerous; 6% risk of failure)
Press: ? - help, Dir - look around, f - activate A wave of flame ripples out!
The flame wave engulfs the human!
The human is burned terribly!
The human is almost dead. (Press . to intensify the flame waves.)
The human barely misses you.
A wave of flame ripples out!
The flame wave engulfs the human!
The human is burned terribly!
You kill the human!
The flame wave engulfs the human but does no damage.
The human is moderately wounded.
The flame wave engulfs the goblin.
You kill the goblin!
The human hits you with a +1 heavy hand axe.
* * * LOW HITPOINT WARNING * * *
Casting: Flame Wave (dangerous; 5% risk of failure)
Confirm with . or Enter, or press ? or * to list all spells.
Flames lash the human but do no damage.
* * * LOW HITPOINT WARNING * * *
The human hits you with a +1 heavy hand axe!!
You die...

▒▒▒▒▒
▒▒...▒▒
▒.....▒
▒.∩.∩.▒
▒.....▒
▒▒@).▒▒
▒p▒+▒
▒..))▒
▒▒.).▒
▒...▒
▒...▒
▒..▒▒
▒.. ▒▒▒


You could see a human (poisoned).

Vanquished Creatures
  Eustachio (D:6)
  A human (Bailey)
  4 water moccasins
  An ice beast (D:6)
  2 black bears
  2 ogres
  A gnoll sergeant (D:6)
  4 scorpions
  A jelly (D:4)
  8 hounds
  A gnoll bouda (D:6)
  An iguana (D:5)
  2 sleepcaps (D:6)
  7 orc wizards
  24 gnolls
  9 adders
  A shadow imp (D:5)
  A white imp (D:7)
  4 ufetubi (D:7)
  3 worms
  2 dart slugs
  16 orcs
  7 ball pythons
  3 endoplasms
  3 giant cockroaches
  8 goblins
  9 hobgoblins
  6 jackals
  A quokka (D:1)
  5 bats
  4 frilled lizards
  4 kobolds
  A rat (D:3)
147 creatures vanquished.

Vanquished Creatures (others)
  151 foxfires
151 creatures vanquished.

Grand Total: 298 creatures vanquished

Notes
Turn   | Place    | Note
-------+----------+-------------------------------------------
     0 | D:1      | Reached skill level 3 in Spellcasting
     0 | D:1      | Reached skill level 3 in Conjurations
     0 | D:1      | Reached skill level 3 in Hexes
     0 | D:1      | Reached skill level 3 in Summonings
     0 | D:1      | Reached skill level 3 in Necromancy
     0 | D:1      | Reached skill level 3 in Translocations
     0 | D:1      | Reached skill level 3 in Transmutations
     0 | D:1      | Reached skill level 3 in Fire Magic
     0 | D:1      | Reached skill level 3 in Ice Magic
     0 | D:1      | Reached skill level 3 in Air Magic
     0 | D:1      | Reached skill level 3 in Earth Magic
     0 | D:1      | Reached skill level 3 in Poison Magic
     0 | D:1      | silenth the Djinni Fire Elementalist began the quest for
                  | the Orb.
     0 | D:1      | silenth set off with the following spells memorised:
                  | Foxfire, Scorch, Volatile Blastmotes, Inner Flame, Flame
                  | Wave.
     0 | D:1      | Reached XP level 1. HP: 15/15 MP: 0/0
   214 | D:1      | Reached XP level 2. HP: 19/22 MP: 0/0
   288 | D:1      | Reached skill level 1 in Fighting
   845 | D:2      | Reached XP level 3. HP: 27/27 MP: 0/0
   845 | D:2      | Learned a level 1 spell: Apportation
  1026 | D:2      | Reached skill level 2 in Fighting
  1240 | D:3      | Noticed a black bear
  1252 | D:3      | Killed a black bear
  1253 | D:3      | Reached skill level 3 in Fighting
  1253 | D:3      | Reached XP level 4. HP: 13/35 MP: 0/0
  1253 | D:3      | Reached XP level 5. HP: 15/40 MP: 0/0
  1253 | D:3      | Learned a level 2 spell: Ensorcelled Hibernation
  1442 | D:3      | Reached skill level 4 in Spellcasting
  1442 | D:3      | Reached skill level 4 in Conjurations
  1442 | D:3      | Reached skill level 4 in Hexes
  1442 | D:3      | Reached skill level 4 in Summonings
  1442 | D:3      | Reached skill level 4 in Necromancy
  1442 | D:3      | Reached skill level 4 in Translocations
  1442 | D:3      | Reached skill level 4 in Transmutations
  1442 | D:3      | Reached skill level 4 in Fire Magic
  1442 | D:3      | Reached skill level 4 in Ice Magic
  1442 | D:3      | Reached skill level 4 in Air Magic
  1442 | D:3      | Reached skill level 4 in Earth Magic
  1442 | D:3      | Reached skill level 4 in Poison Magic
  1559 | D:3      | Identified the ring "Wukhlul" {rElec rPois rN+ Str+6 Dex-2}
  1570 | D:3      | Found a faded altar of an unknown god.
  1615 | D:3      | Reached XP level 6. HP: 14/46 MP: 0/0
  1878 | D:3      | Reached skill level 3 in Dodging
  2338 | D:4      | Identified the +0 robe "Uqeh" {rF- Will++}
  2346 | D:4      | Reached skill level 4 in Fighting
  2351 | D:4      | Reached XP level 7. HP: 47/53 MP: 0/0
  2351 | D:4      | Learned a level 3 spell: Tukima's Dance
  2426 | D:4      | Found a sparkling altar of Nemelex Xobeh.
  2870 | D:4      | Found a shadowy altar of Dithmenos.
  2903 | D:4      | Reached skill level 5 in Fighting
  3232 | D:5      | Entered Level 5 of the Dungeon
  3283 | D:5      | Reached skill level 5 in Spellcasting
  3283 | D:5      | Reached skill level 5 in Conjurations
  3283 | D:5      | Reached skill level 5 in Hexes
  3283 | D:5      | Reached skill level 5 in Summonings
  3283 | D:5      | Reached skill level 5 in Necromancy
  3283 | D:5      | Reached skill level 5 in Translocations
  3283 | D:5      | Reached skill level 5 in Transmutations
  3283 | D:5      | Reached skill level 5 in Fire Magic
  3283 | D:5      | Reached skill level 5 in Ice Magic
  3283 | D:5      | Reached skill level 5 in Air Magic
  3283 | D:5      | Reached skill level 5 in Earth Magic
  3283 | D:5      | Reached skill level 5 in Poison Magic
  3334 | D:5      | Found a basalt altar of Yredelemnul.
  3354 | D:5      | Found a broken altar of Ashenzari.
  3382 | D:5      | Reached XP level 8. HP: 49/60 MP: 0/0
  3535 | D:5      | Reached skill level 6 in Fighting
  3537 | D:5      | Found a glowing golden altar of the Shining One.
  3623 | D:5      | Found a glowing silver altar of Zin.
  3930 | D:5      | Found a snail-covered altar of Cheibriados.
  4189 | D:6      | Found a staircase to the Ecumenical Temple.
  4220 | D:6      | Reached skill level 6 in Spellcasting
  4220 | D:6      | Reached skill level 6 in Conjurations
  4220 | D:6      | Reached skill level 6 in Hexes
  4220 | D:6      | Reached skill level 6 in Summonings
  4220 | D:6      | Reached skill level 6 in Necromancy
  4220 | D:6      | Reached skill level 6 in Translocations
  4220 | D:6      | Reached skill level 6 in Transmutations
  4220 | D:6      | Reached skill level 6 in Fire Magic
  4220 | D:6      | Reached skill level 6 in Ice Magic
  4220 | D:6      | Reached skill level 6 in Air Magic
  4220 | D:6      | Reached skill level 6 in Earth Magic
  4220 | D:6      | Reached skill level 6 in Poison Magic
  4336 | Temple   | Found a transporter.
  4336 | Temple   | Found a transporter.
  4336 | Temple   | Found a transporter.
  4336 | Temple   | Found a transporter.
  4336 | Temple   | Entered the Ecumenical Temple
  4400 | D:6      | Reached skill level 7 in Fighting
  4472 | D:6      | Reached XP level 9. HP: 28/68 MP: 0/0
  4472 | D:6      | Learned a level 4 spell: Olgreb's Toxic Radiance
  4712 | D:6      | Noticed Eustachio
  4720 | D:6      | Killed Eustachio
  5016 | D:6      | Found a bloodstained altar of Trog.
  5060 | D:6      | Found a hide-covered altar of Uskayaw.
  5069 | D:6      | Reached skill level 8 in Fighting
  5334 | D:6      | Reached skill level 4 in Dodging
  5389 | D:6      | Found Uroonum Omu's Assorted Antiques.
  5393 | D:6      | Bought a helmet for 117 gold pieces
  5902 | D:7      | Found a flagged portal.
  6004 | Bailey   | Entered a bailey
  6017 | Bailey   | Slain by a human

Illustrated notes

Levels and vault maps discovered:
D:1:      dpeg_arrival_short_road, layout_basic
D:2:      layout_rooms
D:3:      layout_loops_ring, hellmonk_ecumenical_altar_lost_god
D:4:      layout_basic, grunt_dithmenos_smoke_and_mirrors, lemuel_doored_altar
D:5:      layout_loops_ring, mainiacjoe_overflow_catch_the_wave,
          mainiacjoe_overflow_boulevard, lemuel_coloured_pillars_altar,
          mainiacjoe_overflow_surrounded_room, vehumet_altar_wand_db
D:6:      layout_cave_pools, old_standard_altar,
          mainiacjoe_overflow_cross_hatched, minmay_temple_entry_overgrown,
          serial_gnoll_camp, gnoll_camp_mini_sergeant, gnoll_camp_mini_doghouse,
          gnoll_camp_mini_loothouse, gnoll_camp_mini_shop,
          chequers_serial_rivers_large_b, serial_bayou_crossing, uniq_eustachio
D:7:      nzn_winding_woodlands_cross [nzn_winding_woodlands_5x15_crooked,
          nzn_winding_woodlands_5x15_zeroes, nzn_winding_woodlands_5x15_twine,
          nzn_winding_woodlands_5x15_sawtooth,
          nzn_winding_woodlands_15x15_five_gardens], layout_loops_cross,
          enter_bailey_7, eino_tiny_chamber, hangedman_decor_push,
          grunt_decor_resistance
Temple:   hellmonk_temple_divided_pantheon
Bailey:   bailey_axe_froggy_fort_hellmonk, bailey

Skill      XL: |  1  2  3  4  5  6  7  8  9 |
---------------+----------------------------+-----
Spellcasting   | 4 5 6 |  6.9
Conjurations   | 4 5 6 |  6.9
Hexes          | 4 5 6 |  6.9
Summonings     | 4 5 6 |  6.9
Necromancy     | 4 5 6 |  6.9
Translocations | 4 5 6 |  6.9
Transmutations | 4 5 6 |  6.9
Fire Magic     | 4 5 6 |  6.9
Ice Magic      | 4 5 6 |  6.9
Air Magic      | 4 5 6 |  6.9
Earth Magic    | 4 5 6 |  6.9
Poison Magic   | 4 5 6 |  6.9
Fighting       | 1 3 4 5 7 8 |  8.4
Dodging        | 3 4 |  4.7
Stealth        | |  1.5

Action                     |  1- 3 |  4- 6 |  7- 9 || total
---------------------------+-------+-------+-------++-------
  Melee: Unarmed           |     2 |       |       ||     2
         Short sword       |    12 |    22 |    69 ||   103
   Cast: Foxfire           |    31 |    14 |    43 ||    88
         Scorch            |    13 |    23 |   107 ||   143
         Volatile Blastmot |     1 |     1 |       ||     2
         Flame Wave        |       |       |     5 ||     5
         Olgreb's Toxic Ra |       |       |     2 ||     2
    Use: Potion            |       |     1 |     1 ||     2
         Scroll            |       |     3 |    10 ||    13
   Stab: Sleeping          |     1 |       |       ||     1
 Armour: Robe              |    19 |    28 |    95 ||   142
  Dodge: Dodged            |    20 |    41 |   120 ||   181

Table legend: (Time is in decaauts)
 A = Elapsed time spent in this place.
 B = Non-inter-level travel time spent in this place.
 C = Inter-level travel time spent in this place.
 D = Time resting spent in this place.
 E = Time spent auto-exploring this place.
 F = Levels seen in this place.
 G = Mean time per level.
                   A        B        C        D        E       F      G
               +--------+--------+--------+--------+--------+-----+--------+
         Total |   6014 |   5826 |    188 |    950 |   3820 |   9 |  668.2 |
       Dungeon |   5977 |   5800 |    177 |    950 |   3820 |   7 |  853.9 |
        Temple |     23 |     12 |     11 |      0 |      0 |   1 |   23.0 |
        Bailey |     12 |     12 |      0 |      0 |      0 |   1 |   12.0 |
               +--------+--------+--------+--------+--------+-----+--------+

Top non-repeatable levels by time:
     D:6: 1612 daAuts
     D:3: 926 daAuts
     D:5: 910 daAuts
     D:4: 908 daAuts
     D:1: 706 daAuts
     D:2: 688 daAuts
     D:7: 224 daAuts
  Temple: 23 daAuts
  Bailey: 12 daAuts
